 Dungeon Crawl Stone Soup version 0.26-a0-639-g72c4674329 (webtiles) character file.

Game seed: 12678543221016745900

3301 kae the Cleaver (level 10, 0/91 HPs)
             Began as a Hill Orc Fighter on Sept 16, 2020.
             Was a Follower of Qazlal.
             Slain by a bullfrog (1 damage)
             ... on level 8 of the Dungeon on Sept 18, 2020.
             The game lasted 00:06:53 (7436 turns).

kae the Cleaver (Hill Orc Fighter)                  Turns: 7436, Time: 00:06:55

Health: 0/91       AC:  7    Str: 23    XL:     10   Next: 1%
Magic:  15/15      EV:  9    Int:  8    God:    Qazlal [*.....]
Gold:   412        SH:  2    Dex: 10    Spells: 9/9 levels left

rFire    x . .     SeeInvis .   f - +0 battleaxe
rCold    + + .     Faith    .   (shield currently unavailable)
rNeg     . . .     Spirit   .   b - +1 scale mail
rPois    .         Reflect  .   (no helmet)
rElec    .         Harm     .   (no cloak)
rCorr    .         Rampage  .   (no gloves)
MR       .....                  (no boots)
Stlth    ..........             (no amulet)
HPRegen  0.25/turn              h - ring of ice
MPRegen  0.14/turn              u - ring of protection from cold

@: no status effects
A: no striking features
a: Renounce Religion


You were on level 8 of the Dungeon.
You worshipped Qazlal.
Qazlal was aware of your devotion.
You visited 2 branches of the dungeon, and saw 9 of its levels.

You collected 412 gold pieces.

Inventory:

Hand Weapons
 a - a +1 war axe
 f - a +0 battleaxe (weapon)
Armour
 b - a +1 scale mail (worn)
 c - a +0 kite shield
Jewellery
 h - a ring of ice (left hand)
 t - an uncursed amulet of faith
 u - a ring of protection from cold (right hand)
Wands
 j - a wand of digging (4)
 q - a wand of acid (8)
 r - a wand of disintegration (7)
 w - a wand of iceblast (5)
Scrolls
 d - 2 scrolls of enchant armour
 g - 4 scrolls of remove curse
 l - a scroll of teleportation
 p - 2 scrolls of amnesia
 y - 2 scrolls of fog
Potions
 i - a potion of resistance
 k - a potion of curing
 m - a potion of flight
 n - 3 potions of brilliance
 v - a potion of haste
 x - a potion of stabbing
 z - a potion of cancellation
 A - a potion of degeneration


   Skills:
 + Level 9.4 Fighting
 * Level 13.2 Axes
 - Level 3.2 Armour
 - Level 3.2 Shields
 + Level 7.1 Invocations


You had 9 spell levels left.
You didn't know any spells.
Your spell library contained the following spells:

 Spells                   Type           Power        Failure   Level
 Summon Demon             Summ           #.........   100%        5
 Summon Forest            Summ/Tloc      #.........   100%        5
 Summon Mana Viper        Hex/Summ       #.......     100%        5
 Shadow Creatures         Summ           N/A          100%        6
 Summon Hydra             Summ           #.........   100%        7


Dungeon Overview and Level Annotations

Branches:
Dungeon (8/15)             Temple (1/1) D:5
   Lair: D:8-11

Altars:
Ashenzari
Cheibriados
Dithmenos
Elyvilon
Fedhas
Gozag
Hepliaklqana
Kikubaaqudgha
Makhleb
Nemelex Xobeh
Okawaru
Qazlal
Ru
Sif Muna
Trog
Uskayaw
Vehumet
Wu Jian
Xom
Yredelemnul
Zin
The Shining One

Shops:
D:4 }

Annotations:
D:7 2 transporters


Message History

You feel much better. The vampire mosquito barely misses you.
The bullfrog barely misses you.
The vampire mosquito bites you but does no damage.
The bullfrog hits you.
* * * LOW HITPOINT WARNING * * *
You closely miss the vampire mosquito.
The vampire mosquito is lightly damaged.
You hit the bullfrog. The vampire mosquito bites you.
* * * LOW HITPOINT WARNING * * *
The vampire mosquito draws strength from your injuries!
The bullfrog hits you.
* * * LOW HITPOINT WARNING * * *
The vampire mosquito barely misses you.
You slash the vampire mosquito!
The vampire mosquito is moderately damaged.
You closely miss the bullfrog. The vampire mosquito bites you.
* * * LOW HITPOINT WARNING * * *
The vampire mosquito draws strength from your injuries!
The bullfrog hits you.
You die...

.# ...# #..## #...#
#..## . ##...### ..P
###).....####....
#######................
##..<....†..[..§@y......
.).#######......F○......
÷### #.........####. (#
#.......### ##
#...#...## # #..####..#
# #..# #..# ..# ##.#


You could see a vampire mosquito and a bullfrog.

Vanquished Creatures
  Harold (D:8)
  Maggie (D:7)
  2 vampire mosquitoes (D:8)
  A porcupine (D:7)
  Duvessa (D:4)
  A sky beast (D:8)
  2 phantoms
  A black bear (D:6)
  An ogre (D:7)
  2 centaurs
  A gnoll sergeant (D:5)
  5 bullfrogs
  Dowan (D:4)
  4 scorpions
  3 bullfrog zombies
  A hound (D:7)
  2 jellies
  A bullfrog skeleton (D:8)
  A centaur skeleton (D:5)
  3 worker ants (D:5)
  Natasha (D:2)
  A hound skeleton (D:5)
  A worker ant zombie (D:6)
  A howler monkey zombie (D:6)
  3 gnolls (D:5)
  A howler monkey skeleton (D:5)
  7 adders
  A river rat (D:3)
  2 white imps
  3 ufetubi
  An adder zombie (D:2)
  3 worms
  3 leopard geckos
  7 orcs
  8 bats
  10 giant cockroaches
  10 hobgoblins
  12 jackals
  8 kobolds
  4 quokkas
  5 frilled lizards
  5 goblins
  A jackal zombie (D:5)
  A leopard gecko skeleton (D:4)
  A quokka skeleton (D:7)
  6 rats
141 creatures vanquished.

Vanquished Creatures (others)
  33 fungi (D:8)
  45 plants (D:8)
78 creatures vanquished.

Grand Total: 219 creatures vanquished

Notes
Turn   | Place    | Note
-------+----------+-------------------------------------------
     0 | D:1      | kae the Hill Orc Fighter began the quest for the Orb.
     0 | D:1      | Reached XP level 1. HP: 19/19 MP: 1/1
    92 | D:1      | Reached skill level 3 in Axes
   219 | D:1      | Reached XP level 2. HP: 27/27 MP: 2/2
  1053 | D:2      | Reached skill level 4 in Axes
  1055 | D:2      | Reached XP level 3. HP: 30/33 MP: 3/3
  1086 | D:2      | Noticed Natasha
  1096 | D:2      | Killed Natasha
  1323 | D:2      | Reached XP level 4. HP: 41/41 MP: 4/4
  1328 | D:2      | Reached skill level 5 in Axes
  1829 | D:2      | You fall into a shaft and drop 1 floor!
  2075 | D:3      | Found a glowing golden altar of the Shining One.
  2176 | D:3      | Found a glowing drain.
  2184 | D:3      | Reached XP level 5. HP: 37/47 MP: 5/5
  2633 | D:4      | Noticed a phantom
  2656 | D:4      | Killed a phantom
  2656 | D:4      | Reached skill level 5 in Fighting
  2656 | D:4      | Reached skill level 6 in Axes
  2876 | D:4      | Reached XP level 6. HP: 42/56 MP: 6/6
  3187 | D:4      | Found a snail-covered altar of Cheibriados.
  3239 | D:4      | Noticed Duvessa
  3239 | D:4      | Noticed Dowan
  3247 | D:4      | Killed Duvessa
  3247 | D:4      | Reached skill level 7 in Axes
  3263 | D:4      | Killed Dowan
  3826 | D:4      | Found Rupnata's Gadget Shop.
  3876 | D:5      | Entered Level 5 of the Dungeon
  3953 | D:5      | Reached skill level 8 in Axes
  3953 | D:5      | Reached XP level 7. HP: 62/63 MP: 7/7
  4322 | D:5      | Reached skill level 9 in Axes
  4573 | D:5      | Found a staircase to the Ecumenical Temple.
  4595 | Temple   | Entered the Ecumenical Temple
  4639 | Temple   | Became a worshipper of Qazlal Stormbringer
  4966 | D:5      | Reached skill level 1 in Invocations
  4974 | D:5      | Reached XP level 8. HP: 44/71 MP: 7/9
  5412 | D:6      | Reached skill level 10 in Axes
  6171 | D:7      | Noticed a cyclops
  6192 | D:7      | Noticed Maggie
  6205 | D:7      | Killed Maggie
  6217 | D:7      | Reached * piety under Qazlal
  6227 | D:7      | Reached skill level 11 in Axes
  6255 | D:7      | Reached XP level 9. HP: 54/81 MP: 12/12
  6420 | D:7      | Found a radiant altar of Vehumet.
  6515 | D:7      | Found a transporter.
  6654 | D:7      | Found a transporter.
  6746 | D:7      | Found an ancient bone altar of Kikubaaqudgha.
  6934 | D:8      | Noticed Harold
  6935 | D:8      | Reached skill level 5 in Invocations
  6953 | D:8      | Killed Harold
  6953 | D:8      | Reached skill level 12 in Axes
  7425 | D:8      | Reached skill level 13 in Axes
  7428 | D:8      | HP: 2/84 [vampire mosquito (5)]
  7433 | D:8      | Reached XP level 10. HP: 11/91 MP: 15/15
  7433 | D:8      | HP: 2/91 [vampire mosquito (9)]
  7436 | D:8      | Slain by a bullfrog

Illustrated notes

Levels and vault maps discovered:
D:1:      evilmike_arrival_fibonacci_small, layout_basic, chequers_avenue
D:2:      layout_basic, uniq_natasha
D:3:      layout_basic, portal_sewer_entry_b, tso_metal_star
D:4:      layout_layer_cave, nicolae_overflow_crystal_walls, serial_shops, shop,
          uniq_duvessa
D:5:      minmay_octagon_keep, layout_basic, minmay_temple_entry_glass,
          lightli_minifort
D:6:      layout_basic
D:7:      gammafunk_the_bubble [the_bubble_gammafunk_crates], layout_rooms,
          hangedman_feature_mirror, uniq_maggie
D:8:      layout_layer_cave, due_lair_maze_entry_diamond, enter_bailey_6,
          serial_bayou_pond_a, minmay_manual_monolith, uniq_harold
Temple:   nicolae_temple_the_god_donut

Skill      XL: |  1  2  3  4  5  6  7  8  9 |
---------------+----------------------------+-----
Axes           | 3 4 5 6 8 9 11 13 | 13.2
Fighting       | 4 5 6 8 9 |  9.4
Invocations    | 1 4 7 |  7.1
Armour         | |  3.2
Shields        | |  3.2

Action                   |  1- 3 |  4- 6 |  7- 9 | 10-12 || total
-------------------------+-------+-------+-------+-------++-------
Melee: War axe           |    90 |   137 |   100 |       ||   327
       Battleaxe         |       |       |   146 |     2 ||   148
Evoke: Wand              |       |       |     1 |       ||     1
  Use: Scroll            |       |     8 |    11 |       ||    19
       Potion            |       |       |     6 |     1 ||     7
Armor: Scale mail        |    43 |    56 |   111 |     2 ||   212
Dodge: Dodged            |    30 |    42 |   117 |     4 ||   193
Block: Kite shield       |    40 |    62 |    39 |       ||   141
       Other             |       |       |     8 |       ||     8

Table legend: (Time is in decaauts)
 A = Elapsed time spent in this place.
 B = Non-inter-level travel time spent in this place.
 C = Inter-level travel time spent in this place.
 D = Time resting spent in this place.
 E = Time spent auto-exploring this place.
 F = Levels seen in this place.
 G = Mean time per level.
                   A        B        C        D        E       F      G
               +--------+--------+--------+--------+--------+-----+--------+
         Total |   7537 |   7371 |    166 |    841 |   5493 |   9 |  837.4 |
       Dungeon |   7484 |   7325 |    159 |    841 |   5463 |   8 |  935.5 |
        Temple |     52 |     45 |      7 |      0 |     30 |   1 |   52.0 |
               +--------+--------+--------+--------+--------+-----+--------+

Top non-repeatable levels by time:
     D:5: 1321 daAuts
     D:4: 1260 daAuts
     D:7: 1052 daAuts
     D:1: 990 daAuts
     D:6: 894 daAuts
     D:2: 889 daAuts
     D:3: 819 daAuts
     D:8: 257 daAuts
  Temple: 52 daAuts
